 Dungeon Crawl Stone Soup version 0.32-a0-540-g866d13106e (webtiles) character file.

Game seed: 10569430796772962379

88 zenocrate the Slasher (level 4, 0/28 HPs)
             Began as a Tengu Gladiator on Feb 29, 2024.
             Killed from afar by an orc wizard (6 damage)
             ... with a magic dart
             ... on level 3 of the Dungeon.
             The game lasted 00:01:47 (1510 turns).

zenocrate the Slasher (Tengu Gladiator)             Turns: 1510, Time: 00:01:47

Health: 0/28       AC:  3    Str: 12 (14) XL:     4   Next: 53%
Magic:  5/5        EV: 12    Int:  7 (9)  God:
Gold:   94         SH:  0    Dex: 16 (17) Spells: 0/3 levels left

rFire   . . .        a - +0 long sword
rCold   . . .        (no shield)
rNeg    . . .        j - +0 leather armour
rPois   .            c - +0 hat
rElec   .            (no cloak)
rCorr   .            (no gloves)
SInv    .            (boots unavailable)
Will    .....        (no amulet)
Stlth   +            (no ring)
HPRegen 0.24/turn    (no ring)
MPRegen 0.09/turn

%: acrobat
@: no status effects
A: beak, talons 3, acrobatic
a: no special abilities


You were on level 3 of the Dungeon.
You visited 1 branch of the dungeon, and saw 3 of its levels.

You collected 94 gold pieces.

Inventory:

Hand Weapons
 a - a +0 long sword (weapon)
 b - a +0 sling
Missiles
 d - 3 throwing nets
 e - a javelin
 h - 4 poisoned darts (quivered)
Armour
 c - a +0 hat (worn)
 j - a +0 leather armour (worn)
Jewellery
 l - an amulet of faith
Scrolls
 g - 2 scrolls of identify {unknown}
 i - a scroll of enchant armour {unknown}
 k - a scroll of enchant weapon {unknown}


   Skills:
 + Level 3.1 Fighting
 + Level 5.0 Long Blades
 - Level 2.0 Throwing
 - Level 3.2 Dodging


You couldn't memorise any spells.
You knew the following spells:

 Your Spells              Type           Power      Damage    Failure   Level
y - Swiftness             Air            0%         N/A       87%         3

Your spell library contained the following spells:

 Spells                   Type           Power      Damage    Failure   Level
 Slow                     Hex            0%         N/A       52%         1
 Ensorcelled Hibernation  Hex/Ice        0%         N/A       65%         2
 Confusing Touch          Hex            0%         N/A       87%         3
 Passwall                 Erth           0%         N/A       87%         3
 Sigil of Binding         Hex            0%         N/A       87%         3
 Vampiric Draining        Necr           0%         2d6       87%         3


Dungeon Overview and Level Annotations

Branches:
Dungeon (3/15)

Altars:
Dithmenos
Okawaru
Ru


Innate Abilities, Weirdness & Mutations

You have a beak for a mouth.
You have claws for feet.
You can magically evade attacks while moving or waiting.


Message History

The orc is heavily wounded.
You hear some strange, mumbled words.
You are confused.
The orc barely misses you.
Unknown command.
You closely miss the orc. You claw the orc.
You kill the orc!
Something hits you but does no damage.
Unknown command.
Okay, then.
You closely miss something. Your kick misses something.
Your peck misses something. Something hits you.
Unknown command.
You hit something but do no damage. Your kick misses something.
Your peck misses something. Something hits you.
Unknown command.
You bump into the rock wall.
Something hits you but does no damage.
Unknown command.
A magic dart appears from out of thin air!
The magic dart hits you.
* * * LOW HITPOINT WARNING * * *
Unknown command.
You feel less confused.
Unknown command.
It was a potion of degeneration.
There was something very wrong with that liquid.
You feel weakened.
You feel dopey.
You feel clumsy.
You hear some strange, mumbled words.
A puff of flame appears from out of thin air!
The puff of flame misses you. Something hits you.
* * * LOW HITPOINT WARNING * * *
Things that are here:
a +0 hand axe; a +0 falchion; an orc corpse Unknown command.
You barely miss something. Your kick misses something.
You hear some strange, mumbled words.
A magic dart appears from out of thin air!
The magic dart hits you.
You die...

#.# #<# #.# ####.####
#.#######.......#
#.#.......)####.#
#...PPPPP...###..
#.PPP...PPP......
########.P......PPPPPP..
#....o{.....PPP...PPPPPP
...#####@..PPPPPP...
..PP #..PPP..


PPP...) ##....._.. PPPP #####.... .... ### You could see an orc.

Vanquished Creatures
  4 adders (D:2)
  2 dart slugs
  4 orcs (D:3)
  2 bats (D:1)
  3 endoplasms (D:2)
  2 giant cockroaches
  8 goblins
  2 hobgoblins
  3 jackals (D:2)
  2 kobolds (D:1)
  2 quokkas (D:1)
  3 ball pythons (D:1)
  3 frilled lizards
  3 rats
43 creatures vanquished.

Notes
Turn   | Place    | Note
-------+----------+-------------------------------------------
     0 | D:1      | zenocrate the Tengu Gladiator began the quest for the Orb.
     0 | D:1      | Reached XP level 1. HP: 12/12 MP: 2/2
   131 | D:1      | Reached XP level 2. HP: 17/17 MP: 3/3
   147 | D:1      | Reached skill level 4 in Long Blades
   771 | D:1      | Reached XP level 3. HP: 21/21 MP: 4/4
   873 | D:2      | Found a shadowy altar of Dithmenos.
  1024 | D:2      | Reached XP level 4. HP: 27/27 MP: 5/5
  1459 | D:2      | Learned a level 3 spell: Swiftness
  1467 | D:3      | Reached skill level 5 in Long Blades
  1467 | D:3      | Found an iron altar of Okawaru.
  1491 | D:3      | Found a sacrificial altar of Ru.
  1510 | D:3      | Killed from afar by an orc wizard

Illustrated notes

Levels and vault maps discovered:
D:1:      wander_arrival_desolate, layout_loops_corners,
          corexii_item_surrounded_by_moat, serial_bayou_pond_e, nrook_uturn
D:2:      layout_rooms, basic_altar
D:3:      layout_loops_ring, nicolae_yredelemnul_corpse_copse,
          mainiacjoe_overflow_catch_the_wave, hex_large

Skill      XL: |  1  2  3  4 |
---------------+-------------+-----
Long Blades    | 4 5 |  5.0
Fighting       | 3 |  3.1
Throwing       | |  2.0
Dodging        | |  3.2

Action                     |  1- 3 |  4- 6 || total
---------------------------+-------+-------++-------
  Melee: Long sword        |    63 |    26 ||    89
         Kick              |    13 |     5 ||    18
         Peck              |     1 |     3 ||     4
    Use: Potion            |       |     1 ||     1
   Stab: Sleeping          |     2 |     1 ||     3
 Armour: Leather armour    |    28 |    19 ||    47
  Dodge: Dodged            |    54 |    13 ||    67

Table legend: (Time is in decaauts)
 A = Elapsed time spent in this place.
 B = Non-inter-level travel time spent in this place.
 C = Inter-level travel time spent in this place.
 D = Time resting spent in this place.
 E = Time spent auto-exploring this place.
 F = Levels seen in this place.
 G = Mean time per level.
                   A        B        C        D        E       F      G
               +--------+--------+--------+--------+--------+-----+--------+
         Total |   1525 |   1493 |     32 |      0 |   1220 |   3 |  508.3 |
       Dungeon |   1525 |   1493 |     32 |      0 |   1220 |   3 |  508.3 |
               +--------+--------+--------+--------+--------+-----+--------+

Top non-repeatable levels by time:
     D:1: 880 daAuts
     D:2: 596 daAuts
     D:3: 47 daAuts
